 Dungeon Crawl Stone Soup version 0.22.1-1-ga44c0e5 (webtiles) character file.

79 Larett the Skirmisher (level 4, -5/63 HPs)
             Began as a Minotaur Berserker on Oct 7, 2018.
             Was a Believer of Trog.
             Slain by a fire bat (7 damage)
             ... on level 2 of the Dungeon.
             The game lasted 00:02:37 (666 turns).

Larett the Skirmisher (Minotaur Berserker)           Turns: 666, Time: 00:02:38

Health: -5/63      AC:  7    Str: 27    XL:     4   Next: 16%
Magic:  3/3        EV: 11    Int:  4    God:    Trog [**....]
Gold:   56         SH:  0    Dex: 10    Spells: 3/3 levels left

rFire    . . .     SeeInvis .   b - +0 hand axe
rCold    + . .     Gourm    .   (no shield)
rNeg     . . .     Faith    .   n - +1 scale mail {rC+}
rPois    .         Spirit   .   (helmet restricted)
rElec    .         Reflect  .   (no cloak)
rCorr    .         Harm     .   (no gloves)
MR       .....                  (no boots)
Stlth    ..........             (no amulet)
HPRegen  0.20/turn              (no ring)
MPRegen  0.08/turn              (no ring)

@: berserking, very quick
A: retaliatory headbutt, horns 2
a: Berserk, Trog's Hand, Renounce Religion


You were on level 2 of the Dungeon.
You worshipped Trog.
Trog was pleased with you.
You were hungry.

You visited 1 branch of the dungeon, and saw 2 of its levels.

You collected 56 gold pieces.

Inventory:

Hand Weapons
 a - a +1 antimagic dagger
 b - a +0 hand axe (weapon)
Missiles
 i - 19 stones (quivered)
 k - 18 arrows
Armour
 n - a +1 scale mail of cold resistance (worn)
Wands
 o - a wand of polymorph (11)
Scrolls
 h - a scroll of enchant armour {unknown}
 j - a scroll of random uselessness {unknown}
 l - a scroll of remove curse {unknown}
 q - a scroll of identify {unknown}
Potions
 d - a potion of curing {unknown}
 r - a potion of ambrosia {unknown}
 s - a potion of mutation {unknown}
Comestibles
 c - 6 rations
 m - 6 chunks of flesh


   Skills:
 * Level 5.4 Fighting
 + Level 4.5 Axes
 - Level 2.4 Armour
 - Level 2.1 Dodging


You had 3 spell levels left.
You didn't know any spells.
Your spell library was empty.

Dungeon Overview and Level Annotations

Branches:
Dungeon (2/15)

Altars:


Innate Abilities, Weirdness & Mutations

You reflexively headbutt those who attack you in melee.
You have a pair of horns on your head.


Message History

You are engulfed in flames!
* * * LOW HITPOINT WARNING * * *
You slash the fire bat!
The fire bat is moderately wounded.
The fire bat barely misses you.
You miss the fire bat. You headbutt the fire bat.
The fire bat is moderately wounded.
The fire bat misses you.
A hobgoblin comes into view.
The fire bat bites you but does no damage.
You closely miss the fire bat.
The fire bat is moderately wounded.
The fire bat bites you but does no damage.
A red film seems to cover your vision as you go berserk!
You feel yourself moving faster!
You feel mighty!
You are feeling hungry.
The fire bat bites you.
* * * LOW HITPOINT WARNING * * *
You are engulfed in flames!
You die...

#......##.#.....
##......##.....#.
..####.......###..###
#................#
#.####......#....#
##..รท.......#.
#..#......###
##....###### #
##..@### #..##..b.# #
#....### .....##.###
...........###.###
.g....#.##.......#
........ #.#####..
........ ...
.........)..#


You could see a fire bat.

Vanquished Creatures
  Terence (D:2)
  Robin (D:2)
  A dart slug (D:2)
  A leopard gecko (D:1)
  A bat (D:2)
  2 giant cockroaches (D:1)
  10 hobgoblins
  3 kobolds (D:1)
  A quokka (D:2)
  3 frilled lizards (D:1)
  10 goblins
  A rat (D:1)
35 creatures vanquished.

Notes
Turn   | Place    | Note
-------+----------+-------------------------------------------
     0 | D:1      | Larett the Minotaur Berserker began the quest for the Orb.
     0 | D:1      | Reached XP level 1. HP: 19/19 MP: 0/0
   119 | D:1      | Reached skill level 4 in Fighting
   132 | D:1      | Reached XP level 2. HP: 27/27 MP: 1/1
   437 | D:2      | Noticed Terence
   437 | D:2      | Noticed Robin
   530 | D:2      | Reached XP level 3. HP: 33/34 MP: 2/2
   532 | D:2      | Reached ** piety under Trog
   535 | D:2      | Killed Robin
   535 | D:2      | Reached skill level 5 in Fighting
   537 | D:2      | Killed Terence
   537 | D:2      | Reached XP level 4. HP: 42/42 MP: 3/3
   652 | D:2      | Noticed an ogre
   654 | D:2      | Noticed a fire bat
   654 | D:2      | an ogre changed into a fire bat
   658 | D:2      | HP: 1/42 [fire bat (8)]
   666 | D:2      | HP: 2/63 [fire bat (1)]
   666 | D:2      | Slain by a fire bat

Skill      XL: |  1  2  3 |
---------------+----------+-----
Fighting       | 4 5 |  5.4
Axes           | 4 |  4.5
Armour         | |  2.4
Dodging        | |  2.1

Action                   |  1- 3 |  4- 6 || total
-------------------------+-------+-------++-------
Melee: Hand axe          |    48 |    12 ||    60
       Headbutt          |    10 |     1 ||    11
       Dagger            |       |     2 ||     2
Invok: Berserk           |     1 |     1 ||     2
Evoke: Wand              |       |     2 ||     2
Armor: Chain mail        |    28 |       ||    28
       Scale mail        |       |     7 ||     7
Dodge: Dodged            |    27 |     9 ||    36
